 Dungeon Crawl Stone Soup version 0.26-a0-1181-gd376ed14c5 (webtiles) character file.

Game seed: 10325301886626608461

3978 sanka the Covert (level 10, -1/49 HPs)
             Began as a Spriggan Enchanter on Dec 26, 2020.
             Was a Follower of Ru.
             Shot with an arrow by a centaur (13 damage)
             ... on level 7 of the Dungeon.
             The game lasted 00:17:38 (10592 turns).

sanka the Covert (Spriggan Enchanter)              Turns: 10592, Time: 00:17:39

Health: -1/49      AC:  3    Str:  4    XL:     10   Next: 2%
Magic:  15/15      EV: 24    Int: 23    God:    Ru [*.....]
Gold:   367        SH:  0    Dex: 20    Spells: 3/15 levels left

rFire    x . .     SeeInvis +   a - +1 dagger
rCold    + . .     Faith    .   (shield restricted)
rNeg     . . .     Spirit   .   p - +0 robe
rPois    .         Reflect  .   (helmet restricted)
rElec    .         Harm     .   t - +0 cloak
rCorr    .         Rampage  .   (gloves unavailable)
Will     +....                  (boots unavailable)
Stlth    +++++.....             (no amulet)
HPRegen  0.16/turn              x - ring of ice
MPRegen  0.14/turn              v - +6 ring of intelligence

@: very quick
A: very small, unfitting armour, see invisible, speed 3, inability to train
armour
a: Renounce Religion


You were on level 7 of the Dungeon.
You worshipped Ru.
Ru was aware of your devotion.
You visited 1 branch of the dungeon, and saw 7 of its levels.

You collected 367 gold pieces.


Innate Abilities, Weirdness & Mutations

You are very small and have problems with some larger weapons.
You are too small for most types of armour.
You have supernaturally acute eyesight. (SInv)
You cover ground extremely quickly.
You cannot train Armour skill.


   Skills:
 - Level 3.0 Fighting
 - Level 8.0 Short Blades
 - Level 8.0 Dodging
 - Level 12.0 Stealth
 - Level 3.0 Spellcasting
 + Level 9.9 Hexes


You had 3 spell levels left.
You knew the following spells:

 Your Spells              Type           Power        Failure   Level
x - Tukima's Dance        Hex            49%          1%          3
y - Dazzling Flash        Conj/Hex       52%          4%          3
z - Ensorcelled Hibernat  Hex/Ice        78%          2%          2
X - Confusing Touch       Hex            49%          1%          3
Z - Corona                Hex            54%          1%          1

Your spell library contained the following spells:

 Spells                   Type           Power        Failure   Level
 Freeze                   Ice            20%          12%         1
 Frozen Ramparts          Ice            10%          34%         3
 Ozocubu's Armour         Ice            5%           34%         3
 Hailstorm                Conj/Ice       5%           75%         4
 Summon Ice Beast         Ice/Summ       5%           75%         4

Inventory:

Hand Weapons
 a - a +1 dagger (weapon)
 b - a +5 falchion of protection
 j - a +0 short sword of protection
 H - a +2 quarterstaff of chaos
Armour
 p - a +0 robe (worn)
 t - a +0 cloak (worn)
Jewellery
 v - a +6 ring of intelligence (right hand)
 x - a ring of ice (left hand)
Wands
 u - a wand of disintegration (10)
 A - a wand of paralysis (14)
 D - a wand of flame (27)
 I - a wand of polymorph (7)
 J - a wand of enslavement (6)
Scrolls
 c - 9 scrolls of identify {unknown}
 f - 2 scrolls of fog {unknown}
 h - a scroll of noise {unknown}
 i - 2 scrolls of teleportation {unknown}
 k - 3 scrolls of enchant armour {unknown}
 l - 3 scrolls of amnesia {unknown}
 n - a scroll of immolation {unknown}
 q - a scroll of random uselessness {unknown}
 s - a scroll of blinking {unknown}
 y - a scroll of fear {unknown}
 B - a scroll of silence {unknown}
 F - a scroll of remove curse {unknown}
 G - a scroll of enchant weapon {unknown}
 K - a scroll of vulnerability {unknown}
Potions
 d - 2 potions of curing {@q1}
 e - 3 potions of invisibility {unknown}
 g - a potion of mutation {unknown}
 m - 2 potions of heal wounds {unknown}
 o - 2 potions of haste {unknown}
 r - a potion of cancellation {unknown}
 w - a potion of attraction {unknown}
 z - 3 potions of lignification {unknown}
 C - a potion of degeneration {unknown}
 E - a potion of brilliance {unknown}

Dungeon Overview and Level Annotations

Branches:
Dungeon (7/15)             Temple (0/1) D:7

Altars:
Dithmenos
Elyvilon
Fedhas
Hepliaklqana
Nemelex Xobeh
Qazlal
Ru
Sif Muna
Trog
Vehumet
Xom
Zin
The Shining One

Shops:
D:7

! ≈............▒ ▒▒..▒.▒...▒▒.▒▒
............▒▒ ▒▒.▒...▒.▒▒...
▒...........▒▒▒▒▒▒▒▒▒............
.....................▒▒..........
▒▒▒▒.▒▒▒▒...▒▒▒▒▒▒▒.▒▒▒▒▒▒▒▒▒▒...
♣▒▒▒.▒ ▒...▒▒▒▒....▒ ▒≈≈▒▒...
≈≈▒▒.▒▒▒▒...........▒ ▒▒≈≈▒ ▒...
≈≈♣▒.▒▒....▒▒▒......▒▒▒≈≈c▒▒▒▒▒..
≈P♣▒..▒▒▒▒.▒▒▒.▒i.▒▒((≈≈≈≈..▒▒.>.
≈≈≈♣▒.▒▒▒▒.....▒▒....≈(≈≈c..▒▒...
≈≈≈♣▒..▒...▒▒▒▒▒▒▒.(.≈≈≈≈≈_.▒▒...
≈≈≈♣▒▒.▒...▒ ▒.(.≈≈≈≈≈..▒▒.▒.
≈≈≈≈▒▒...▒.▒ ▒...≈c≈≈c..▒▒▒..
≈≈≈≈♣..▒.▒.▒ ▒▒▒...≈≈≈≈▒▒▒▒ ▒.▒
≈≈≈≈≈♣.▒.▒.▒ ▒....▒▒▒≈≈≈▒ ▒▒.▒
≈≈≈≈≈♣...▒.▒ ▒.▒..▒ ▒≈≈≈▒ ▒..▒
≈≈P≈≈♣▒..▒.▒ ▒.▒..▒▒▒▒▒▒▒▒▒▒...


You could see a centaur.


Message History

The centaur wields a +1 shortbow of flaming.
It bursts into flame!
The centaur shoots an arrow.
The arrow closely misses you.
You hear a splash.
The centaur shoots an arrow.
The arrow misses you.
You see here an arrow.
The centaur wields a +0 shortbow.
The centaur shoots an arrow.
The arrow completely misses you.
The centaur is stunned by your conviction and fails to attack.
The centaur shoots an arrow.
The arrow barely misses you.
The centaur shoots an arrow.
The arrow hits you!
* * * LOW HITPOINT WARNING * * *
The arrow burns you!
* * * LOW HITPOINT WARNING * * *
The centaur shoots an arrow.
The arrow closely misses you.
The centaur shoots an arrow.
The arrow completely misses you.
The centaur shoots an arrow.
The arrow closely misses you.
You see here 3 arrows.
The centaur is stunned by your conviction and fails to attack.
The centaur shoots an arrow.
The arrow hits you!
You die...

Action                   |  1- 3 |  4- 6 |  7- 9 | 10-12 || total
-------------------------+-------+-------+-------+-------++-------
Melee: Dagger            |    62 |    63 |   139 |     4 ||   268
       Falchion          |       |     4 |       |       ||     4
 Cast: Corona            |     1 |       |       |       ||     1
       Ensorcelled Hiber |    26 |    55 |    85 |     6 ||   172
       Confusing Touch   |       |       |    12 |       ||    12
Invok: Sacrifice Durabil |       |       |     1 |       ||     1
Evoke: Wand              |       |       |    11 |       ||    11
  Use: Potion            |     1 |       |       |       ||     1
 Stab: Sleeping          |    29 |    43 |    62 |     3 ||   137
       Distracted        |     1 |       |       |       ||     1
       Confused          |       |       |    11 |       ||    11
Armor: Robe              |     6 |     8 |     3 |       ||    17
Dodge: Dodged            |    46 |    69 |   105 |    11 ||   231
       Rpst.: Falchion   |       |     1 |       |       ||     1

Levels and vault maps discovered:
D:1:      nicolae_arrival_washed_ashore, layout_loops_ring, serial_forest,
          infiniplex_forest_clump_diagonal, infiniplex_forest_clump_tiny,
          infiniplex_forest_diagonal, infiniplex_forest_lined_room_2,
          infiniplex_forest_straight_5, infiniplex_forest_split
D:2:      layout_basic, elyvilon_altar_3, uniq_robin
D:3:      layout_basic, general_overflow_altar, minitemple,
          chequers_ecumenical_altar_island, uniq_sigmund
D:4:      layout_basic, regret_index_temple_of_mockery,
          grunt_temple_overflow_cloverleaf, wad_floor_pattern_untrapped,
          chequers_jeans, st_stairs_7
D:5:      layout_basic, zin_treasury, kennysheep_generic_room_9, uniq_grinder,
          uniq_ijyb, uniq_eustachio
D:6:      layout_basic, uniq_prince_ribbit1, uniq_crazy_yiuf_cottage
D:7:      layout_rooms, trog_ov_bears_minmay, nicolae_overflow_hidden_temple,
          minmay_temple_entry_statues_pillars, serial_shops, shop_fountains,
          serial_bayou, serial_bayou_shore_a, serial_bayou_lagoon_a,
          serial_bayou_shore_b, serial_bayou_ford_a, lemuel_centaur_altar

Notes
Turn   | Place    | Note
-------+----------+-------------------------------------------
     0 | D:1      | sanka the Spriggan Enchanter began the quest for the Orb.
     0 | D:1      | Reached XP level 1. HP: 9/9 MP: 5/5
   119 | D:1      | Reached skill level 5 in Stealth
   334 | D:1      | Reached XP level 2. HP: 13/13 MP: 6/6
   337 | D:1      | Learned a level 2 spell: Ensorcelled Hibernation
   768 | D:1      | Reached skill level 6 in Stealth
  1133 | D:1      | Reached XP level 3. HP: 16/16 MP: 8/8
  2055 | D:2      | Reached skill level 7 in Stealth
  2201 | D:2      | Found a white marble altar of Elyvilon.
  2260 | D:2      | Reached XP level 4. HP: 21/21 MP: 9/9
  2268 | D:2      | Learned a level 3 spell: Confusing Touch
  2397 | D:2      | Noticed Robin
  2677 | D:2      | Reached skill level 8 in Stealth
  2728 | D:2      | HP: 1/21 [goblin/stone[Robin] (9)]
  3515 | D:2      | Killed Robin
  3516 | D:2      | Reached skill level 2 in Short Blades
  3703 | D:3      | Found a radiant altar of Vehumet.
  4600 | D:3      | Found a faded altar of an unknown god.
  4678 | D:3      | Reached XP level 5. HP: 24/24 MP: 5/10
  4800 | D:3      | Reached skill level 3 in Short Blades
  4913 | D:3      | Noticed Sigmund
  4917 | D:3      | Killed Sigmund
  4918 | D:3      | Reached skill level 5 in Short Blades
  4918 | D:3      | Reached XP level 6. HP: 28/28 MP: 11/11
  5187 | D:3      | Reached skill level 3 in Spellcasting
  5294 | D:3      | Found a blossoming altar of Fedhas.
  5295 | D:3      | Found a shimmering blue altar of Sif Muna.
  5613 | D:4      | Noticed a hornet
  5619 | D:3      | Reached skill level 4 in Hexes
  5741 | D:4      | Found a hazy altar of Hepliaklqana.
  5742 | D:4      | Found a shimmering altar of Xom.
  5743 | D:4      | Noticed a spectral ugly thing
  5743 | D:4      | Noticed an unseen horror
  5784 | D:4      | Reached skill level 5 in Hexes
  5858 | D:4      | Reached skill level 6 in Hexes
  5858 | D:4      | Reached XP level 7. HP: 32/32 MP: 7/12
  5897 | D:4      | Killed a hornet
  5898 | D:4      | Reached skill level 7 in Hexes
  6007 | D:4      | Found a stormy altar of Qazlal.
  6010 | D:4      | Found a sacrificial altar of Ru.
  6014 | D:4      | Became a worshipper of Ru the Awakened
  6020 | D:4      | Found a glowing golden altar of the Shining One.
  6023 | D:4      | Found a shadowy altar of Dithmenos.
  6273 | D:4      | Learned a level 3 spell: Tukima's Dance
  6277 | D:4      | Learned a level 3 spell: Dazzling Flash
  6456 | D:4      | Reached skill level 8 in Hexes
  6494 | D:5      | Entered Level 5 of the Dungeon
  6658 | D:5      | Noticed Ijyb
  6668 | D:5      | Killed Ijyb
  6679 | D:5      | Reached XP level 8. HP: 30/36 MP: 1/13
  6804 | D:5      | Noticed Eustachio
  6812 | D:5      | Killed Eustachio
  6813 | D:5      | Reached skill level 1 in Fighting
  6813 | D:5      | Reached skill level 9 in Hexes
  6900 | D:5      | Noticed Grinder
  6907 | D:5      | Killed Grinder
  6908 | D:5      | Reached skill level 2 in Fighting
  6908 | D:5      | Reached skill level 5 in Dodging
  7154 | D:5      | Found a glowing silver altar of Zin.
  7425 | D:6      | Reached skill level 3 in Fighting
  7425 | D:6      | Reached skill level 6 in Dodging
  7686 | D:5      | Reached skill level 7 in Dodging
  7806 | D:5      | Reached skill level 8 in Dodging
  7972 | D:6      | Gained mutation: You cannot train Armour skill. [Ru
                  | sacrifice]
  7972 | D:6      | Reached * piety under Ru
  8161 | D:6      | Reached skill level 9 in Stealth
  8163 | D:6      | Reached XP level 9. HP: 39/44 MP: 7/14
  8291 | D:6      | Noticed Prince Ribbit
  8297 | D:6      | Killed Prince Ribbit
  8298 | D:6      | Reached skill level 10 in Stealth
  8545 | D:6      | Found a runed translucent door.
  8546 | D:6      | Noticed Crazy Yiuf
  8626 | D:6      | Killed Crazy Yiuf
  8696 | D:7      | Reached skill level 11 in Stealth
  8836 | D:7      | Found Muotar's Distillery.
  8860 | D:7      | Reached skill level 12 in Stealth
  9047 | D:7      | Found a staircase to the Ecumenical Temple.
  9056 | D:7      | Reached skill level 6 in Short Blades
  9373 | D:7      | Reached skill level 7 in Short Blades
  9890 | D:7      | Reached skill level 8 in Short Blades
 10092 | D:7      | Found a bloodstained altar of Trog.
 10350 | D:7      | Reached XP level 10. HP: 49/49 MP: 12/15
 10582 | D:7      | Found a sparkling altar of Nemelex Xobeh.
 10592 | D:7      | Shot with an arrow by a centaur

Vanquished Creatures
  Grinder (D:5)
  A hornet (D:4)
  Prince Ribbit (D:6)
  Sigmund (D:3)
  Eustachio (D:5)
  A water moccasin (D:7)
  An ice beast (D:7)
  2 sky beasts (D:5)
  3 black bears (D:7)
  3 ogres
  A hornet zombie (D:6)
  A phantom (D:7)
  2 bullfrogs
  A gnoll sergeant (D:6)
  A scorpion (D:7)
  9 killer bees
  3 howler monkeys (D:7)
  8 electric eels (D:7)
  A bullfrog zombie (D:7)
  A jelly (D:6)
  5 hounds
  2 orc priests
  Crazy Yiuf (D:6)
  A centaur skeleton (D:6)
  Ijyb (D:5)
  2 iguanas
  8 orc wizards
  2 worker ants
  A worker ant zombie (D:6)
  Robin (D:2)
  6 adders
  4 gnolls (D:6)
  3 white imps
  3 oozes
  A worm (D:2)
  4 dart slugs
  3 leopard geckos
  18 orcs
  8 bats
  6 giant cockroaches
  14 goblins
  11 hobgoblins
  6 kobolds
  2 frilled lizards
  A leopard gecko zombie (D:6)
  2 quokka zombies (D:7)
  7 rats
166 creatures vanquished.

Vanquished Creatures (others)
  A fungus (D:6)
  16 plants (D:7)
17 creatures vanquished.

Grand Total: 183 creatures vanquished
